 Dungeon Crawl Stone Soup version 0.20-a0-960-ge493e74 (webtiles) character file.

13878 MirrMurr the Spear-Bearer (level 11, -8/84 HPs)
             Began as a Demonspawn Berserker on Apr 7, 2017.
             Was an Elder of Trog.
             Mangled by a phantasmal warrior (13 damage)
             ... on level 11 of the Dungeon.
             The game lasted 00:40:43 (11133 turns).

MirrMurr the Spear-Bearer (Demonspawn Berserker)   Turns: 11133, Time: 00:40:44

Health: -8/84      AC: 20    Str: 20    XL:     11   Next: 81%
Magic:  3/3        EV:  7    Int:  9    God:    Trog [****..]
Gold:   235        SH:  4    Dex: 13    Spells: 10/10 levels left

rFire    . . .     SeeInvis .   a - +4 demon trident (antimagic)
rCold    . . .     Gourm    .   y - +0 buckler
rNeg     . . .     Faith    .   A - +1 plate armour
rPois    .         Spirit   .   p - +2 hat {MR+}
rElec    .         Reflect  .   i - +0 cloak
rCorr    .         Harm     .   (gloves unavailable)
MR       +....                  E - +2 pair of boots
Stlth    ..........             (no amulet)
Regen    0.3/turn               u - ring of stealth
MPRegen  0.1/turn               (no ring)

@: lethally poisoned (-8 -> -9), about to teleport
A: antennae 1, claws 3, hooves 1, demonic guardian 2
a: Berserk, Trog's Hand, Brothers in Arms, Burn Spellbooks, Renounce Religion


You were on level 11 of the Dungeon.
You worshipped Trog.
Trog was greatly pleased with you.
You were not hungry.

You visited 1 branch of the dungeon, and saw 11 of its levels.

You collected 561 gold pieces.
You spent 326 gold pieces at shops.

Inventory:

Hand Weapons
 a - a +4 antimagic demon trident (weapon)
 b - a +0 blowgun
Missiles
 q - 386 stones
 z - 4 javelins (quivered)
 F - 2 throwing nets
 H - 77 poisoned needles
Armour
 i - a +0 cloak (worn)
 p - a +2 hat of magic resistance (worn)
 y - a +0 buckler (worn)
 A - a +1 plate armour (worn)
 E - a +2 pair of boots (worn)
Jewellery
 u - a ring of stealth (left claw)
Wands
 e - a wand of lightning (7/15)
 h - a wand of polymorph (9/24)
Scrolls
 k - 3 scrolls of teleportation
 m - 2 scrolls of recharging
 r - 4 scrolls of remove curse
 B - 2 scrolls of fog
 C - 2 scrolls of magic mapping
 D - a scroll of identify
Potions
 g - 8 potions of curing
 l - a potion of invisibility
 n - 4 potions of flight
 o - a potion of mutation
 s - a potion of brilliance
 t - a potion of might
 v - a potion of agility
 w - a potion of resistance {unknown}
 x - a potion of lignification
Comestibles
 c - 12 bread rations
 d - 9 fruits
 f - 3 royal jellies
 j - a meat ration


   Skills:
 + Level 7.6 Fighting
 * Level 14.1 Polearms
 + Level 6.6 Armour
 + Level 4.5 Dodging
 + Level 1.5 Shields


You had 10 spell levels left.
You didn't know any spells.

Dungeon Overview and Level Annotations

Branches:
Dungeon (11/15)            Temple (0/1) D:4             Orc (0/2) D:10
   Lair: D:8-11

Altars:
Ashenzari
Dithmenos
Gozag
Kikubaaqudgha
Makhleb
Qazlal
Trog
Vehumet
Xom
Yredelemnul

Shops:
D:5 ?*:   D:6 ?[}   D:7 (   D:8 =   D:11 :

Annotations:
D:6 exclusion: door


Innate Abilities, Weirdness & Mutations

You have a pair of small antennae on your head.
You have claws for hands.
You have large cloven feet.
A demonic guardian rushes to your aid.


Message History

* * * LOW HITPOINT WARNING * * *
Unknown command.
As you read the scroll of teleportation, it crumbles to dust.
You feel strangely unstable.
Your ice devil hits the stone giant but does no damage.
Your orange demon stings the phantasmal warrior.
Your orange demon hits the phantasmal warrior but does no damage.
You block the phantasmal warrior's attack.
The stone giant hits your ice devil!!
Your ice devil dies!
The deep troll earth mage bites you.
* * * LOW HITPOINT WARNING * * *
The deep troll earth mage claws you but does no damage. x2
The wight misses you.
The stone giant shouts!
You swap places.
Your orange demon stings the phantasmal warrior.
Your orange demon closely misses the phantasmal warrior.
The phantasmal warrior hits you!
You die...

########## ######........#
..............#
........#####.# ........#
#)######## ## .#####..#
#......... . #..# #.........
.. #..# #......... . #..#
#@W############### #..#
#.4T..............
#..#####zC...............
#........C#l......##'####
........####(##.......#.....#
........#...)...Q*...)#.....#
.........#.......*.....#.....#
.........#####.........#'#####
.......... #................


You could see a frost giant, a stone giant, a tengu reaver, a phantasmal
warrior, a deep troll earth mage, a basilisk, a wight, a battlesphere and a
friendly orange demon.

Vanquished Creatures
  A sphinx (D:11)
  A yaktaur captain (D:11)
  A two-headed ogre (D:8)
  Pikel (D:7)
  A cyclops (D:11)
  Joseph (D:7)
  A gargoyle (D:10)
  The ghost of MrRokkomies the Bolt Thrower, a novice KoHu (D:4)
  A freezing wraith (D:11)
  2 trolls (D:10)
  Prince Ribbit (D:8)
  2 hippogriffs (D:10)
  A spriggan (D:7)
  A hungry ghost (D:10)
  Grum (D:8)
  Menkaure (D:7)
  An orc warrior (D:8)
  3 ice beasts
  2 sky beasts (D:5)
  A slave (D:7)
  A phantom (D:8)
  A necrophage (D:11)
  2 ogres
  A centaur (D:10)
  3 wolves (D:8)
  2 big kobolds
  4 bullfrogs
  5 scorpions
  A water moccasin zombie (D:5)
  5 killer bees (D:8)
  6 wights
  3 howler monkeys
  A crimson imp (D:10)
  A bullfrog zombie (D:10)
  A centaur zombie (D:9)
  A quasit (D:7)
  4 jellies
  4 orc wizards
  6 orc priests
  4 hounds
  A centaur skeleton (D:3)
  2 bullfrog skeletons
  A gnoll shaman (D:9)
  4 iguanas
  4 worker ants
  A killer bee zombie (D:6)
  A hound zombie (D:7)
  2 worker ant zombies
  7 gnolls
  2 howler monkey skeletons (D:4)
  9 adders
  A shadow imp (D:8)
  3 adder skeletons
  A worm (D:3)
  A dart slug (D:1)
  5 leopard geckos
  31 orcs
  A giant cockroach (D:5)
  10 goblins
  7 hobgoblins
  8 jackals
  2 quokkas
  A ball python (D:2)
  8 bats
  5 frilled lizards
  A jackal zombie (D:6)
  12 kobolds
  A leopard gecko zombie (D:7)
  A quokka skeleton (D:4)
  4 rats
218 creatures vanquished.

Vanquished Creatures (collateral kills)
  Gastronok (D:9)
  A fire giant (D:11)
  A flayed ghost (D:11)
  An ugly thing (D:11)
  Maurice (D:9)
  The ghost of valenzione the Slasher, a novice MiFi (D:6)
  A troll (D:9)
  A vampire mosquito (D:11)
  An orc warrior (D:11)
  A slave (D:7)
  2 ogres
  A centaur (D:6)
  2 bullfrogs (D:6)
  A scorpion (D:6)
  A howler monkey (D:3)
  2 crimson imps
  A jelly (D:5)
  A hound (D:6)
  2 orc wizards (D:7)
  Ijyb (D:4)
  A worker ant (D:4)
  A howler monkey skeleton (D:8)
  2 gnolls (D:6)
  3 oozes
  An adder skeleton (D:4)
  5 orcs
  A giant cockroach (D:8)
  A jackal (D:5)
  A ball python (D:3)
40 creatures vanquished.

Vanquished Creatures (others)
  A fire giant (D:11)
  A crimson imp (D:7)
  A centaur skeleton (D:7)
  A giant cockroach (D:7)
4 creatures vanquished.

Grand Total: 262 creatures vanquished

Notes
Turn   | Place    | Note
-------+----------+-------------------------------------------
     0 | D:1      | MirrMurr the Demonspawn Berserker began the quest for the Orb.
     0 | D:1      | Reached XP level 1. HP: 18/18 MP: 1/1
    85 | D:1      | Reached skill level 3 in Polearms
   196 | D:1      | Gained mutation: You have sharp fingernails. [demonic ancestry]
   196 | D:1      | Reached XP level 2. HP: 24/24 MP: 2/2
   861 | D:2      | Reached ** piety under Trog
   992 | D:2      | Gained mutation: A weak demonic guardian rushes to your aid. [demonic ancestry]
   992 | D:2      | Reached XP level 3. HP: 24/29 MP: 3/3
  1302 | D:3      | Reached XP level 4. HP: 25/35 MP: 4/4
  1306 | D:3      | Reached skill level 4 in Polearms
  1641 | D:2      | Found a bloodstained altar of Trog.
  1801 | D:3      | Gained mutation: You have very sharp fingernails. [demonic ancestry]
  1801 | D:3      | Reached XP level 5. HP: 41/41 MP: 1/5
  2248 | D:4      | Noticed Ijyb
  2269 | D:4      | Killed Ijyb
  2770 | D:4      | Reached *** piety under Trog
  2770 | D:4      | Reached skill level 5 in Polearms
  2812 | D:4      | Noticed MrRokkomies's ghost (novice KoHu)
  2816 | D:4      | Paralysed by MrRokkomies's ghost for 2 turns
  2855 | D:4      | HP: 2/42 [worker ant (4)]
  2948 | D:4      | Reached XP level 6. HP: 22/48 MP: 6/6
  3126 | D:4      | Found a staircase to the Ecumenical Temple.
  3165 | D:4      | Found a burning altar of Makhleb.
  3195 | D:4      | Killed MrRokkomies's ghost
  3286 | D:4      | Found a shimmering altar of Xom.
  3556 | D:5      | Entered Level 5 of the Dungeon
  3556 | D:5      | Found Muluy's Book Shop.
  3694 | D:5      | Reached skill level 6 in Polearms
  3727 | D:5      | Found Vubaim's Magic Scroll Shoppe.
  3735 | D:5      | Bought a scroll of teleportation for 36 gold pieces
  3771 | D:5      | Reached XP level 7. HP: 54/54 MP: 7/7
  3952 | D:5      | Found Jaogunolel's Assorted Antiques.
  4571 | D:5      | Found an opulent altar of Gozag.
  4890 | D:6      | Reached skill level 7 in Polearms
  4911 | D:6      | Gained mutation: You have a pair of small antennae on your head. [demonic ancestry]
  4911 | D:6      | Reached XP level 8. HP: 22/60 MP: 8/8
  4931 | D:6      | Found a radiant altar of Vehumet.
  5134 | D:6      | Found Getzom's Magic Scroll Shoppe.
  5139 | D:6      | Bought a scroll of fog for 30 gold pieces
  5139 | D:6      | Bought a scroll of identify for 30 gold pieces
  5163 | D:6      | Found a stormy altar of Qazlal.
  5176 | D:6      | Noticed valenzione's ghost (novice MiFi)
  5191 | D:6      | Found Diwu's Armour Boutique.
  5202 | D:6      | Got a warped rapier
  5419 | D:6      | Killed valenzione's ghost
  5419 | D:6      | Reached skill level 8 in Polearms
  5486 | D:6      | Found Ofepp's Gadget Shop.
  5618 | D:6      | Reached **** piety under Trog
  5956 | D:6      | Reached skill level 9 in Polearms
  6105 | D:7      | Gained mutation: You have claws for hands. [demonic ancestry]
  6105 | D:7      | Reached XP level 9. HP: 58/66 MP: 9/9
  6186 | D:7      | Found Ischidio's Antique Weapon Boutique.
  6308 | D:7      | Noticed Menkaure
  6332 | D:7      | Killed Menkaure
  6358 | D:7      | Reached skill level 5 in Fighting
  6365 | D:7      | Noticed Joseph
  6386 | D:7      | Killed Joseph
  6594 | D:7      | Found a shattered altar of Ashenzari.
  6794 | D:7      | Noticed Pikel
  6845 | D:7      | Killed Pikel
  6845 | D:7      | Reached skill level 10 in Polearms
  7390 | D:6      | Bought a +0 plate armour for 230 gold pieces
  7721 | D:8      | Reached skill level 5 in Armour
  7750 | D:8      | Noticed Grum
  7758 | D:8      | Gained mutation: A demonic guardian rushes to your aid. [demonic ancestry]
  7758 | D:8      | Reached XP level 10. HP: 67/76 MP: 10/10
  7785 | D:8      | Killed Grum
  7785 | D:8      | Reached skill level 11 in Polearms
  8021 | D:8      | Reached ***** piety under Trog
  8048 | D:8      | Found Voklut's Jewellery Emporium.
  8076 | D:8      | Noticed a two-headed ogre
  8092 | D:8      | Killed a two-headed ogre
  8109 | D:8      | Noticed Prince Ribbit
  8115 | D:8      | Killed Prince Ribbit
  8451 | D:8      | Found an ancient bone altar of Kikubaaqudgha.
  8451 | D:8      | Found a basalt altar of Yredelemnul.
  8940 | D:9      | Found a shadowy altar of Dithmenos.
  8955 | D:9      | Noticed Gastronok
  8979 | D:9      | Killed Gastronok
  8979 | D:9      | Reached skill level 12 in Polearms
  9281 | D:9      | Noticed Maurice
  9294 | D:9      | Killed Maurice
  9294 | D:9      | Received a gift from Trog
  9316 | D:9      | @> sweeeeeet
  9316 | D:9      | @> E) +4 demon trident (antimagic)
  9359 | D:10     | Entered Level 10 of the Dungeon
  9631 | D:10     | Reached skill level 1 in Shields
  9735 | D:10     | Gained mutation: You have large cloven feet. [demonic ancestry]
  9735 | D:10     | Reached XP level 11. HP: 79/83 MP: 3/11
  9779 | D:10     | Found a staircase to the Orcish Mines.
 10158 | D:11     | Noticed a brown ugly thing
 10167 | D:11     | Killed a brown ugly thing
 10422 | D:11     | Found Oddab's Book Shoppe.
 10506 | D:11     | Reached skill level 13 in Polearms
 10816 | D:11     | Noticed a flayed ghost
 10830 | D:11     | Killed a flayed ghost
 10833 | D:11     | Noticed a fire giant
 10833 | D:11     | Noticed a fire giant
 10833 | D:11     | Noticed a deep elf mage
 10844 | D:11     | Noticed a yaktaur captain
 10850 | D:11     | Noticed a tengu reaver
 10852 | D:11     | Killed a fire giant
 10858 | D:11     | Noticed a deep troll
 10859 | D:11     | Killed a fire giant
 10862 | D:11     | Noticed a stone giant
 10862 | D:11     | Noticed a centaur warrior
 10863 | D:11     | Noticed a frost giant
 10863 | D:11     | Noticed a sphinx
 10864 | D:11     | Noticed an ettin
 10865 | D:11     | Noticed a deep troll earth mage
 10871 | D:11     | Killed a yaktaur captain
 10873 | D:11     | Noticed an ettin
 10883 | D:11     | HP: 3/84 [tengu reaver/war axe (12)]
 11086 | D:11     | Noticed a phantasmal warrior
 11096 | D:11     | Killed a sphinx
 11096 | D:11     | Reached skill level 14 in Polearms
 11132 | D:11     | HP: 4/84 [deep troll earth mage (4)]
 11133 | D:11     | Mangled by a phantasmal warrior

Vault maps used:
D:1:      lemuel_arrival_room, hex_large
D:2:      lemuel_upstairs_altar
D:3:      first_bread
D:4:      lemuel_doored_altar, bloody_makhleb, minmay_temple_entry_junction_2,
          serial_bayou, serial_bayou_pond_b, serial_bayou_lake_a,
          serial_bayou_pond_c, serial_bayou_pond_c, serial_bayou_shore_a,
          hangedman_abyss_or_decor_lesser_grid, uniq_iyjb
D:5:      basic_altar, serial_shops, shop, nicolae_shop_trees, shop
D:6:      kennysheep_housing_project, vehumet_crystals, serial_shops, shop,
          nicolae_shop_crystal, nicolae_shop_waterfront, grunt_qazlal_sundering
D:7:      lemuel_round_altar, serial_shops, nicolae_shop_overgrown_old_shop,
          the_bakery, minivault_11, minmay_splitting_lines, uniq_menkaure,
          uniq_joseph, uniq_pikel
D:8:      gammafunk_temple_overflow_pools, serial_shops, shop,
          uniq_prince_ribbit1, uniq_grum
D:9:      nicolae_dithmenos_shadow_blocks, uniq_maurice, uniq_gastronok
D:10:     orc_0_dummy
D:11:     lair_entry_dummy, serial_shops, shop,
          minmay_the_grid_square_5x5_4x4_mashed, uniq_erica

Skill      XL: |  1  2  3  4  5  6  7  8  9 10 11 |
---------------+----------------------------------+-----
Polearms       | 3 4 5 6 7 9 10 12 14 | 14.1
Dodging        | 2 3 4 |  4.5
Armour         | 2 3 4 5 6 |  6.6
Fighting       | 4 5 6 7 |  7.6
Shields        | 1 |  1.5

Action                   |  1- 3 |  4- 6 |  7- 9 | 10-12 || total
-------------------------+-------+-------+-------+-------++-------
Melee: Spear             |   106 |   227 |   543 |       ||   876
       Trident           |       |       |    79 |   188 ||   267
       Demon trident     |       |       |       |   195 ||   195
Throw: Stone             |       |     1 |       |     1 ||     2
Invok: Burn Spellbooks   |     1 |       |       |       ||     1
       Berserk           |       |     4 |     7 |     1 ||    12
       Trog's Hand       |       |       |     1 |     2 ||     3
       Brothers in Arms  |       |       |       |     1 ||     1
Evoke: Wand              |       |       |     1 |       ||     1
  Use: Scroll            |     3 |     6 |     8 |     9 ||    26
       Potion            |       |     1 |     2 |     1 ||     4
 Stab: Distracted        |       |     1 |     5 |     1 ||     7
       Invisible         |       |       |     4 |     2 ||     6
       Sleeping          |       |       |     1 |       ||     1
  Eat: Chunk             |     1 |     4 |    17 |     5 ||    27
       Meat ration       |       |     2 |       |     2 ||     4
       Fruit             |       |       |     3 |       ||     3
       Royal jelly       |       |       |     1 |       ||     1
       Bread ration      |       |       |       |     1 ||     1
Armor: Leather armour    |     7 |       |       |       ||     7
       Chain mail        |    30 |    50 |       |       ||    80
       Scale mail        |     1 |       |       |       ||     1
       Ring mail         |       |    30 |   147 |       ||   177
       Plate armour      |       |       |    54 |   132 ||   186
Dodge: Dodged            |    32 |    81 |   205 |    76 ||   394
Block: Buckler           |       |       |    47 |    35 ||    82
